 Dungeon Crawl Stone Soup version 0.32-a0-871-ge202e49faa (webtiles) character file.

Game seed: 11020809148202356680

19233 KennySheep the Toxicologist (level 12, -12/108 HPs)
             Began as a Naga Alchemist on Mar 30, 2024.
             Was a High Priest of Dithmenos.
             Killed from afar by a will-o-the-wisp (16 damage)
             ... with a foxfire
             ... on level 3 of the Lair of Beasts.
             The game lasted 00:54:16 (15616 turns).

KennySheep the Toxicologist (Naga Alchemist)       Turns: 15616, Time: 00:54:17

Health: -12/108    AC:  7    Str:  5 (8)  XL:     12   Next: 66%
Magic:  23/24      EV:  8    Int: 17 (20) God:    Dithmenos [*****.]
Gold:   703        SH:  0    Dex: 11 (13) Spells: 10/28 levels left

rFire   . . .        s - +2 dagger (venom)
rCold   + + .        (no shield)
rNeg    . . .        a - +0 robe
rPois   +            n - +1 helmet
rElec   .            (no cloak)
rCorr   .            (no gloves)
SInv    +            (no barding)
Will    +....        i - amulet of magic regeneration
Stlth   ++++++       A - ring of protection from cold
HPRegen 0.38/turn    D - ring of protection from cold
MPRegen 0.59/turn

%: clarity
@: about to teleport, wreathed by umbra, very slow
A: AC +4, large, see invisible, deformed body, poison resistance, slowness 2,
spit poison 1, naga tail 1, clarity, robust 1, weak 1
a: Spit Poison, Renounce Religion, Shadow Step, Shadow Form


You were on level 3 of the Lair of Beasts.
You worshipped Dithmenos.
Dithmenos was extremely pleased with you.
You visited 2 branches of the dungeon, and saw 12 of its levels.

You collected 703 gold pieces.

Inventory:

Hand Weapons
 s - a +2 dagger of venom (weapon)
Missiles
 y - a throwing net
Armour
 a - a +0 robe (worn)
 m - a +0 helmet of see invisible
 n - a +1 helmet (worn)
Jewellery
 h - a ring of protection from fire
 i - an amulet of magic regeneration (around neck)
 A - a ring of protection from cold (left hand)
 D - a ring of protection from cold (right hand)
Wands
 r - a wand of paralysis (15)
 B - a wand of digging (7)
Scrolls
 c - 3 scrolls of noise
 d - a scroll of revelation
 f - 4 scrolls of fog
 g - 3 scrolls of teleportation
 k - a scroll of vulnerability
 o - a scroll of amnesia
 p - a scroll of brand weapon
 q - a scroll of poison
 t - a scroll of enchant armour
 u - 2 scrolls of immolation
 v - 2 scrolls of fear
 w - a scroll of enchant weapon
 x - a scroll of silence
Potions
 b - 2 potions of magic


   Skills:
 - Level 4.2 Fighting
 - Level 5.0 Short Blades
 - Level 1.5 Dodging
 - Level 8.7 Stealth
 + Level 8.6 Spellcasting
 - Level 1.6 Conjurations
 + Level 10.4 Fire Magic
 * Level 9.4 Air Magic
 - Level 11.0 Alchemy


You had 10 spell levels left.
You knew the following spells:

 Your Spells              Type           Power      Damage    Failure   Level
a - Sting                 Conj/Alch      100%       1d9       1%          1
b - Olgreb's Toxic Radia  Alch           44%        N/A       1%          4
c - Sticky Flame          Fire/Alch      43%        2d8       1%          4
d - Mephitic Cloud        Conj/Alch/Air  32%        N/A       1%          3
e - Plasma Beam           Fire/Air       20%        2x1d32    26%         6

Your spell library contained the following spells:

 Spells                   Type           Power      Damage    Failure   Level
 Foxfire                  Conj/Fire      100%       2x1d9     1%          1
 Mercury Vapours          Alch/Air       84%        N/A       1%          2
 Starburst                Conj/Fire      13%        6d6       77%         6


Dungeon Overview and Level Annotations

Branches:
Dungeon (9/15)             Temple (0/1) D:5            Lair (3/5) D:8
  Snake (0/4) Lair:2
  Swamp: Lair:2-3    Shoals: Lair:2-3       Orc: D:9-12

Altars:
Ashenzari
Dithmenos
Elyvilon
Fedhas
Gozag
Hepliaklqana
Nemelex Xobeh
Qazlal
Sif Muna

Shops:
D:2 :   D:6 *

Annotations:
D:3 Natasha
Lair:3 exclusion: oklob plant


Innate Abilities, Weirdness & Mutations

Your serpentine skin is tough. (AC +4)
You have supernaturally acute eyesight. (SInv)
Armour fits poorly on your strangely shaped body.
Your system is resistant to poisons. (rPois)
You cover ground very slowly.
You can spit poison.
You have a snake-like lower body.
You possess an exceptional clarity of mind.
You are robust. (+10% HP)
You are weak. (Str -2)


Message History

The will-o-the-wisp resists.
The will-o-the-wisp is lightly damaged.
The fiery plasma misses the will-o-the-wisp.
The will-o-the-wisp gestures.
The will-o-the-wisp conjures some marshlight! 2 foxfires come into view.
The foxfire hits you!! The foxfire hits you!
You hit the will-o-the-wisp.
The will-o-the-wisp is moderately damaged.
The will-o-the-wisp engulfs you!
You barely miss the will-o-the-wisp.
The will-o-the-wisp is moderately damaged.
The will-o-the-wisp gestures.
The will-o-the-wisp conjures some marshlight! 2 foxfires come into view.
You hit the will-o-the-wisp but do no damage.
The will-o-the-wisp is moderately damaged.
Your shadow completely misses the will-o-the-wisp.
The foxfire hits you!! x2
* * * LOW HITPOINT WARNING * * *
Casting: Plasma Beam (dangerous; 21% risk of failure)
Confirm with . or Enter, or press ? or * to list all spells.
Okay, then.
Okay, then.
Okay, then.
Okay, then.
As you read the scroll of teleportation, it crumbles to dust.
You feel strangely unstable.
The will-o-the-wisp gestures.
The will-o-the-wisp conjures some marshlight! 2 foxfires come into view.
Okay, then.
Okay, then.
It was a potion of degeneration.
There was something very wrong with that liquid.
You feel weakened.
You feel dopey.
You feel clumsy. The foxfire hits you!
* * * LOW HITPOINT WARNING * * *
The foxfire hits you!
You die...

...#..###........)..#
....... #.(.......#.#
....... ###....####.#
....... ###....#.P.#
#P........†#
#..#.......##
.....$.......###
................##
.....##.§@P......#
<#.P. #.vv§#....#.#
.....§§.....# #
..$............#
.....>........##
...[..........#
..............P
..............##
#P..#..v..#


You could see a will-o-the-wisp.

Vanquished Creatures
  An oklob plant (Lair:2)
  4 elephants (Lair:1)
  4 black mambas
  7 cane toads
  2 rime drakes (Lair:2)
  2 komodo dragons (Lair:1)
  3 polar bears
  5 dream sheep (Lair:3)
  8 blink frogs
  A vampire (D:9)
  2 wyverns
  20 yaks
  3 basilisks
  A steam dragon (D:4)
  2 nagas (Lair:2)
  9 water moccasins
  4 orc warriors
  A black bear (D:6)
  2 sky beasts
  5 centaurs
  2 ogres
  17 wolves
  A phantom (D:7)
  6 bullfrogs
  A gnoll sergeant (D:6)
  A scorpion (D:6)
  4 wights (D:8)
  4 killer bees (D:8)
  5 hounds
  A bombardier beetle (D:4)
  3 jellies
  10 orc priests
  A gnoll bouda (D:9)
  A sleepcap (D:6)
  Natasha (D:3)
  2 iguanas
  17 orc wizards
  12 gnolls
  2 adders
  A white imp (D:7)
  4 ufetubi
  2 dart slugs
  A ribbon worm (D:2)
  45 orcs
  12 ball pythons
  7 endoplasms
  10 goblins
  2 hobgoblins
  9 jackals
  6 quokkas
  4 bats
  10 kobolds
  3 rats
  A butterfly (Lair:1)
294 creatures vanquished.

Vanquished Creatures (collateral kills)
  A wyvern (Lair:2)
1 creature vanquished.

Vanquished Creatures (others)
  A sky beast (D:7)
  An orc wizard (D:6)
  5 foxfires (Lair:3)
7 creatures vanquished.

Grand Total: 302 creatures vanquished

Notes
Turn   | Place    | Note
-------+----------+-------------------------------------------
     0 | D:1      | KennySheep the Naga Alchemist began the quest for the Orb.
     0 | D:1      | Reached XP level 1. HP: 15/15 MP: 3/3
   234 | D:1      | Reached XP level 2. HP: 21/22 MP: 0/5
   421 | D:1      | Reached skill level 4 in Alchemy
   532 | D:1      | You fall into a shaft and drop 1 floor!
   534 | D:2      | Found a faded altar of an unknown god.
   538 | D:2      | Prayed at the altar of an unknown god.
   538 | D:2      | Became a worshipper of Dithmenos the Shadowed
   538 | D:2      | Reached * piety under Dithmenos
   563 | D:2      | Reached XP level 3. HP: 4/28 MP: 1/6
   569 | D:2      | Reached skill level 1 in Fire Magic
  1154 | D:2      | Reached XP level 4. HP: 36/36 MP: 2/7
  1309 | D:2      | Found Ablucuoc's Book Shoppe.
  1663 | D:2      | Learned a level 4 spell: Olgreb's Toxic Radiance
  2359 | D:3      | Noticed a sky beast
  2420 | D:3      | Reached skill level 5 in Alchemy
  2420 | D:3      | Reached XP level 5. HP: 42/42 MP: 6/9
  2637 | D:3      | Noticed Natasha
  2642 | D:3      | Killed Natasha
  2748 | D:3      | Reached ** piety under Dithmenos
  2864 | D:3      | Killed a sky beast
  2865 | D:3      | Reached skill level 6 in Alchemy
  2865 | D:3      | Reached XP level 6. HP: 31/49 MP: 0/11
  2998 | D:3      | Noticed Natasha
  3063 | D:3      | Found a shimmering blue altar of Sif Muna.
  3106 | D:3      | Learned a level 4 spell: Sticky Flame
  4126 | D:4      | Reached skill level 7 in Alchemy
  4555 | D:4      | Reached XP level 7. HP: 55/55 MP: 12/12
  4733 | D:4      | Noticed a steam dragon
  4745 | D:4      | Killed a steam dragon
  4746 | D:4      | Reached skill level 1 in Short Blades
  5041 | D:5      | Entered Level 5 of the Dungeon
  5467 | D:5      | Found a broken altar of Ashenzari.
  5679 | D:5      | Reached skill level 8 in Alchemy
  5683 | D:5      | Reached XP level 8. HP: 62/62 MP: 9/14
  5697 | D:5      | Reached skill level 5 in Stealth
  6018 | D:5      | Found a staircase to the Ecumenical Temple.
  6216 | D:6      | Found Refotuh's Gadget Gallery.
  6223 | D:6      | Reached *** piety under Dithmenos
  6791 | D:6      | Reached skill level 9 in Alchemy
  6792 | D:6      | Reached XP level 9. HP: 29/68 MP: 5/16
  6929 | D:6      | Found a hazy altar of Hepliaklqana.
  7113 | D:6      | Found a blossoming altar of Fedhas.
  7315 | D:7      | Reached skill level 5 in Spellcasting
  7330 | D:7      | Reached skill level 5 in Fire Magic
  7351 | D:7      | Reached **** piety under Dithmenos
  8238 | D:8      | Found a white marble altar of Elyvilon.
  8277 | D:8      | Reached skill level 10 in Alchemy
  8563 | D:8      | Found a staircase to the Lair.
  9141 | D:8      | Found a stormy altar of Qazlal.
  9148 | D:8      | Reached XP level 10. HP: 76/76 MP: 13/18
  9150 | D:8      | Reached skill level 1 in Fighting
  9214 | D:8      | Found an opulent altar of Gozag.
  9215 | D:8      | Found a sparkling altar of Nemelex Xobeh.
 10045 | D:9      | HP: 3/80 [vampire (3)]
 10345 | Lair:1   | Entered Level 1 of the Lair of Beasts
 10355 | Lair:1   | Reached skill level 11 in Alchemy
 10382 | Lair:1   | Reached skill level 5 in Short Blades
 10529 | Lair:1   | Learned a level 3 spell: Mephitic Cloud
 10536 | Lair:1   | Learned a level 6 spell: Plasma Beam
 10573 | Lair:1   | Reached skill level 1 in Air Magic
 10890 | Lair:1   | Noticed a black mamba
 10996 | Lair:1   | Noticed a black mamba
 11029 | Lair:1   | Killed a black mamba
 11399 | Lair:1   | Noticed a black mamba
 11402 | Lair:1   | Killed a black mamba
 11403 | Lair:1   | Reached XP level 11. HP: 90/90 MP: 20/20
 11932 | Lair:1   | Reached skill level 5 in Air Magic
 13028 | Lair:2   | HP: 5/138 [yak (6)]
 13030 | Lair:2   | Gained mutation: You are robust. (+10% HP) [potion of
                  | mutation]
 13030 | Lair:2   | Gained mutation: You are weak. (Str -2) [potion of
                  | mutation]
 13030 | Lair:2   | Gained mutation: You possess an exceptional clarity of
                  | mind. [potion of mutation]
 13373 | Lair:2   | Reached ***** piety under Dithmenos
 13584 | Lair:2   | Reached XP level 12. HP: 95/108 MP: 18/23
 14194 | Lair:2   | Reached skill level 10 in Fire Magic
 14796 | Lair:2   | Found a staircase to the Snake Pit.
 15616 | Lair:3   | HP: 4/108 [will-o-the-wisp/foxfire (10)]
 15616 | Lair:3   | Killed from afar by a will-o-the-wisp

Illustrated notes

Levels and vault maps discovered:
D:1:      lemuel_arrival_tunnels, layout_loops_ring
D:2:      layout_basic, serial_shops, shop,
          hellmonk_ecumenical_altar_leap_of_faith
D:3:      layout_loops_ring, nicolae_sif_muna_condensation,
          serial_co_window_serial, co_window_corner_a, co_window_cross_1,
          co_window_corner_a, co_window_corner_a, co_window_cross_1,
          co_window_paths_a, co_window_corner_ca, co_window_paths_c,
          co_window_corner_b, co_window_broadway_c, co_window_broadway_a,
          st_stairs_14, corexii_corridor_pit, uniq_natasha
D:4:      layout_loops_cross, chequers_serial_rivers_micro_a
D:5:      layout_loops_corners, mainiacjoe_overflow_six_doors_small,
          minmay_temple_entry_fiery
D:6:      layout_basic, mainiacjoe_overflow_24_doors, fedhas_altar_fruit_tree,
          nicolae_shop_gadgets
D:7:      layout_cave_pools
D:8:      nicolae_cairo_tiling_very_big, layout_layer_cave,
          grunt_temple_overflow_opulence, nicolae_qazlal_scattered_showers,
          general_overflow_altar, dpeg_oklobed_lair
D:9:      layout_layer_cave, uniq_grum
Lair:1:   layout_roguey, lemuel_fruit_fields
Lair:2:   layout_chaotic_city, alex1729_snake_entry_snake, portal_ice_cave_rime,
          nicolae_volcano_entry_s_turn
Lair:3:   layout_gridlike, minmay_swamp_entry_wisps, gammafunk_ghost_icy,
          infiniplex_staircase_pool_2, uniq_urug

Skill      XL: |  1  2  3  4  5  6  7  8  9 10 11 12 |
---------------+-------------------------------------+-----
Alchemy        | 4 5 6 7 8 9 10 11 | 11.0
Fire Magic     | 1 2 4 6 8 9 10 | 10.4
Spellcasting   | 3 4 5 6 7 8 |  8.6
Short Blades   | 1 3 4 5 |  5.0
Stealth        | 4 6 8 |  8.7
Fighting       | 3 4 |  4.2
Air Magic      | 3 7 9 |  9.4
Dodging        | |  1.5
Conjurations   | |  1.6

Action                     |  1- 3 |  4- 6 |  7- 9 | 10-12 || total
---------------------------+-------+-------+-------+-------++-------
  Melee: Unarmed           |    30 |    30 |       |       ||    60
         Punch             |     1 |     1 |       |       ||     2
         Dagger            |       |     3 |   153 |   162 ||   318
   Cast: Sting             |    39 |   128 |     2 |       ||   169
         Olgreb's Toxic Ra |       |     1 |    35 |    32 ||    68
         Sticky Flame      |       |       |    11 |    51 ||    62
         Plasma Beam       |       |       |       |     1 ||     1
    Use: Potion            |     5 |       |     1 |    16 ||    22
         Scroll            |     2 |     1 |     7 |    11 ||    21
   Stab: Sleeping          |     1 |     2 |     7 |    13 ||    23
 Armour: Robe              |    28 |    50 |   176 |   237 ||   491
         Skin              |     6 |       |       |     4 ||    10
  Dodge: Dodged            |    25 |    32 |    96 |   133 ||   286

Table legend: (Time is in decaauts)
 A = Elapsed time spent in this place.
 B = Non-inter-level travel time spent in this place.
 C = Inter-level travel time spent in this place.
 D = Time resting spent in this place.
 E = Time spent auto-exploring this place.
 F = Levels seen in this place.
 G = Mean time per level.
                   A        B        C        D        E       F      G
               +--------+--------+--------+--------+--------+-----+--------+
         Total |  18570 |  17822 |    748 |   4399 |  11115 |  12 | 1547.5 |
       Dungeon |  12674 |  12100 |    574 |   1748 |   8854 |   9 | 1408.2 |
          Lair |   5896 |   5722 |    174 |   2651 |   2261 |   3 | 1965.3 |
               +--------+--------+--------+--------+--------+-----+--------+

Top non-repeatable levels by time:
  Lair:1: 3090 daAuts
  Lair:2: 2263 daAuts
     D:8: 1978 daAuts
     D:3: 1801 daAuts
     D:2: 1695 daAuts
     D:5: 1505 daAuts
     D:4: 1423 daAuts
     D:6: 1313 daAuts
     D:1: 1270 daAuts
     D:7: 1087 daAuts
     D:9: 596 daAuts
  Lair:3: 543 daAuts
